Map: Lerilak Crest

Players

xKawaiian

  • Race: Terran Terran
  • League: Master

Hana - Winner!

  • Race: Protoss Protoss
  • League: Diamond

VOD

Have the link to the VOD?

Description

Time

  • Played on: Jan. 13, 2016, 4:42 p.m.
  • Length: 6:12
Show
View Real Time Build Order
Export as new Build Order

xKawaiian Terran 

Build Orders: Reaper Expand 

Get SALT Encoding   

  12  0:00  SCV  
  13  0:13  SCV  
  14  0:17  Supply Depot  
  14  0:25  SCV  
  15  0:39  SCV  
  15  0:40  Barracks  
  16  0:47  Refinery  
  16  0:51  SCV  
  17  1:03  SCV  
  18  1:16  SCV  
  19  1:28  Orbital Command  
  19  1:30  Reaper  
  20  1:40  Command Center  
  20  1:51  Supply Depot  
  21  1:54  SCV  
  21  2:02  Barracks Reactor  
  21  2:06  SCV  
  21  2:07  Barracks  
  22  2:18  SCV, Barracks  
  23  2:30  SCV  
  24  2:39  Marine x2  
  24  2:42  SCV  
  26  2:53  Orbital Command  
  26  2:54  SCV  
  26  2:55  Barracks Tech Lab  
  26  2:57  Factory  
  27  3:02  Marine  
  27  3:03  Marine  
  29  3:06  SCV  
  29  3:08  Refinery  
  29  3:11  Marine  
  31  3:17  Stimpack  
  31  3:19  SCV  
  32  3:20  SCV  
  32  3:23  Marine  
  32  3:25  Marine  
  32  3:27  Marine  
  35  3:31  SCV  
  35  3:34  Marine  
  37  3:37  Supply Depot  
  37  3:39  SCV  
  37  3:41  Marine  
  39  3:42  Marine  
  39  3:46  Starport  
  41  3:50  Factory Reactor  
  41  3:51  SCV  
  41  3:54  SCV, Marine x2  
  45  3:59  Marine  
  45  4:00  Marine  
  47  4:03  SCV  
  47  4:06  SCV  
  47  4:09  Supply Depot  
  49  4:12  Marine  
  49  4:15  SCV  
  51  4:18  SCV  
  51  4:20  Supply Depot  
  52  4:27  SCV  
  52  4:30  SCV  
  54  4:31  Medivac x2  
  54  4:35  Marine  
  54  4:36  Supply Depot, Marine x2  
  61  4:39  SCV  
  61  4:42  SCV  
  61  4:45  Supply Depot, Marine  
  63  4:47  Factory Reactor  
  64  4:53  Marine x2  
  64  4:54  SCV  
  64  4:58  SCV  
  68  5:02  Command Center  
  68  5:06  SCV  
  69  5:09  Marine  
  69  5:10  Marine  
  69  5:11  Marine  
  71  5:19  Marine  
  62  5:27  Marine x2  
  52  5:29  Marine  
  52  5:37  SCV x2, Marine  
  55  5:45  Marine x2  
  55  5:47  Marine  
  55  5:49  SCV  
  64  5:50  SCV  
Show
View Real Time Build Order
Export as new Build Order

Hana Protoss - Winner!

Build Orders: 1 Gate Expand 

Get SALT Encoding   

  12  0:00  Probe (Chrono Boost)  
  13  0:11  Probe (Chrono Boost)  
  14  0:18  Pylon  
  14  0:22  Probe (Chrono Boost)  
  15  0:37  Probe (Chrono Boost), Gateway  
  15  0:42  Assimilator  
  16  0:47  Probe (Chrono Boost)  
  17  0:58  Probe (Chrono Boost)  
  18  1:08  Probe (Chrono Boost)  
  19  1:19  Nexus  
  19  1:24  Probe (Chrono Boost)  
  20  1:32  Cybernetics Core  
  20  1:36  Probe (Chrono Boost)  
  21  1:41  Assimilator  
  21  1:46  Probe (Chrono Boost)  
  22  1:52  Pylon  
  22  1:57  Probe (Chrono Boost)  
  23  2:10  Adept  
  23  2:11  Mothership Core (Chrono Boost)  
  23  2:13  Warp Gate  
  27  2:29  Probe (Chrono Boost)  
  28  2:35  Probe (Chrono Boost)  
  29  2:39  Probe (Chrono Boost)  
  29  2:40  Adept  
  32  2:49  Probe (Chrono Boost)  
  32  2:50  Probe (Chrono Boost)  
  34  2:57  Twilight Council  
  34  2:58  Robotics Facility  
  34  3:00  Probe (Chrono Boost)  
  34  3:03  Probe (Chrono Boost)  
  35  3:10  Probe (Chrono Boost)  
  35  3:12  Adept  
  38  3:14  Probe (Chrono Boost)  
  39  3:21  Probe (Chrono Boost)  
  39  3:24  Probe (Chrono Boost)  
  41  3:31  Probe (Chrono Boost)  
  42  3:34  Resonating Glaives (Chrono Boost)  
  42  3:35  Probe (Chrono Boost)  
  43  3:45  Probe  
  43  3:46  Pylon, Warp Prism  
  46  4:03  Gateway x2  
  46  4:04  Probe  
  46  4:05  Probe  
  46  4:06  Gateway  
  46  4:09  Pylon  
  48  4:14  Probe  
  49  4:17  Probe  
  51  4:24  Observer  
  51  4:25  Probe  
  51  4:30  Adept  
  54  4:32  Probe, Pylon  
  54  4:35  Probe  
  56  4:44  Probe, Pylon  
  57  4:46  Observer  
  57  4:49  Nexus  
  58  4:54  Assimilator  
  58  4:56  Assimilator  
  58  4:57  Probe  
  58  4:59  Probe  
  60  5:07  Pylon  
  60  5:13  Adept  
  60  5:14  Adept x3  
  62  5:22  Probe  
  62  5:24  Probe  
  56  5:33  Warp Prism  
  54  5:35  Probe  
  54  5:36  Stalker x4  
  54  5:37  Probe  
  64  5:43  Pylon  
  64  5:48  Pylon  
  64  5:59  Pylon  
  64  6:00  Stalker x3  
  64  6:03  Sentry  
  64  6:04  Pylon  
Tags
 
Add a new tag
Caveats
  • Supply blocks, unpowered buildings, or Contaminate may cause inaccurate times.
  • Supply counts are checked every 10 seconds.